General information
- name: BNet
- type: Ladder team game (AT/RT)
- host: Battle.net
- saver: awruj3rh82q4h82
map: Deadlands
- players: 8
- length: 41:57
- speed: Fast
- version: 1.26 W3XP
- replay type: Public
» download(254 KB)
Players
team 1 (loser)
az2 (
pink | 98 APM | 2174 actions | 22:15)
3 Warden
1 Fan of Knives
1 Blink
1 Shadow Strike
3 Dark Ranger
2 Black Arrow
1 Silence
2 Priestess of the Moon
1 Searing Arrows
1 Trueshot Aura
» actions
| Assign group hotkey | 29 | |
| Basic commands | 251 | |
| Build / train | 165 | |
| Enter build submenu | 16 | |
| Enter hero's abilities submenu | 8 | |
| Give item / drop item | 1 | |
| Remove unit from queue | 7 | |
| Right click | 645 | |
| Select / deselect | 299 | |
| Select group hotkey | 680 | |
| Use ability | 73 | |
2174 total
» units
| Wisp | 31 | |
| Mountain Giant | 22 | |
| Druid of the Talon | 38 | |
| Hippogryph | 17 | |
108 total
» upgrades
| Druid of the Talon Training | 2 | |
| Hardened Skin | 1 | |
| Resistant Skin | 1 | |
| Strength of the Wild | 2 | |
| Reinforced Hides | 3 | |
| Mark of the Talon | 1 | |
10 total
» buildings
| Moon Well | 7 | |
| Altar of Elders | 1 | |
| Hunter's Hall | 1 | |
| Tree of Ages | 3 | |
| Ancient of Wonders | 1 | |
| Ancient Protector | 3 | |
| Ancient of Wind | 2 | |
| Ancient of Lore | 1 | |
| Tree of Eternity | 4 | |
23 total
» build order
00:44 Moon Well
00:58 Altar of Elders
01:13 Moon Well
03:11 Hunter's Hall
03:17 Tree of Ages
03:17 Tree of Ages
03:21 Moon Well
03:26 Ancient of Wonders
05:15 Ancient Protector
05:18 Ancient Protector
05:23 Ancient Protector
05:47 Ancient of Wind
05:51 Ancient of Lore
06:26 Ancient of Wind
06:32 Tree of Eternity
06:33 Tree of Eternity
06:33 Tree of Eternity
07:51 Moon Well
08:52 Moon Well
09:55 Moon Well
11:40 Moon Well
» items
| Scroll of Town Portal | 1 | |
| Staff of Preservation | 1 | |
2 total
ohaider (
teal | 74 APM | 1551 actions | 21:03)
4 Death Knight
2 Death Coil
2 Unholy Aura
» actions
| Assign group hotkey | 33 | |
| Basic commands | 2 | |
| Build / train | 48 | |
| Enter build submenu | 22 | |
| Enter hero's abilities submenu | 4 | |
| Right click | 994 | |
| Select / deselect | 204 | |
| Select group hotkey | 199 | |
| Use ability | 45 | |
1551 total
» units
| Acolyte | 9 | |
| Ghoul | 3 | |
| Crypt Fiend | 13 | |
| Frost Wyrm | 4 | |
29 total
» upgrades
| Creature Attack | 2 | |
| Creature Carapace | 1 | |
| Web | 1 | |
| Burrow | 1 | |
| Freezing Breath | 1 | |
6 total
» buildings
| Crypt | 1 | |
| Ziggurat | 12 | |
| Altar of Darkness | 1 | |
| Graveyard | 1 | |
| Nerubian Tower | 1 | |
| Tomb of Relics | 1 | |
| Halls of the Dead | 1 | |
| Sacrificial Pit | 1 | |
| Black Citadel | 1 | |
| Boneyard | 2 | |
| Spirit Tower | 2 | |
24 total
» build order
00:09 Crypt
00:14 Ziggurat
00:35 Altar of Darkness
00:59 Graveyard
01:27 Ziggurat
02:00 Nerubian Tower
03:05 Tomb of Relics
04:12 Halls of the Dead
04:51 Ziggurat
05:29 Ziggurat
07:52 Sacrificial Pit
08:02 Ziggurat
08:38 Black Citadel
10:39 Ziggurat
10:54 Ziggurat
10:57 Ziggurat
11:27 Boneyard
11:35 Ziggurat
11:49 Boneyard
12:19 Spirit Tower
14:04 Spirit Tower
14:06 Ziggurat
14:42 Ziggurat
18:11 Ziggurat
» items
| Rod of Necromancy | 1 | |
| Scroll of Town Portal | 1 | |
| Potion of Healing | 1 | |
3 total
dodgeballcity. (
yellow | 59 APM | 2472 actions | 41:55)
7 Blademaster
3 Wind Walk
3 Critical Strike
1 Bladestorm
1 Death Knight
1 Death Coil
» actions
| Assign group hotkey | 83 | |
| Basic commands | 6 | |
| Build / train | 83 | |
| Enter build submenu | 28 | |
| Enter hero's abilities submenu | 8 | |
| Give item / drop item | 9 | |
| Right click | 1092 | |
| Select / deselect | 172 | |
| Select group hotkey | 762 | |
| Use ability | 229 | |
2472 total
» units
| Peon | 11 | |
| Grunt | 4 | |
| Goblin Shredder | 3 | |
| Wind Rider | 5 | |
| Goblin Sapper | 4 | |
| Troll Batrider | 1 | |
| Frost Wyrm | 2 | |
30 total
» upgrades
| Ranged Weapons | 2 | |
| Reinforced Defenses | 1 | |
| Envenomed Spears | 1 | |
| Armor | 2 | |
6 total
» buildings
| Altar of Storms | 1 | |
| Orc Burrow | 6 | |
| Barracks | 1 | |
| Voodoo Lounge | 1 | |
| Stronghold | 1 | |
| War Mill | 1 | |
| Great Hall | 1 | |
| Watch Tower | 59 | |
| Fortress | 6 | |
| Beastiary | 3 | |
80 total
» build order
00:14 Altar of Storms
00:24 Orc Burrow
00:40 Barracks
01:35 Orc Burrow
01:57 Voodoo Lounge
02:55 Stronghold
04:03 War Mill
04:15 Orc Burrow
04:56 Great Hall
06:13 Watch Tower
06:13 Watch Tower
06:16 Watch Tower
06:34 Fortress
06:34 Fortress
06:34 Fortress
06:35 Fortress
07:03 Beastiary
07:16 Beastiary
07:36 Watch Tower
07:41 Watch Tower
07:44 Watch Tower
08:27 Watch Tower
08:28 Watch Tower
09:19 Watch Tower
09:26 Watch Tower
09:27 Watch Tower
10:23 Orc Burrow
10:57 Beastiary
11:35 Watch Tower
13:32 Orc Burrow
13:32 Orc Burrow
17:37 Watch Tower
17:38 Watch Tower
17:38 Watch Tower
17:39 Watch Tower
17:40 Watch Tower
17:40 Watch Tower
17:41 Watch Tower
17:42 Watch Tower
17:42 Watch Tower
20:15 Watch Tower
20:16 Watch Tower
21:50 Watch Tower
21:51 Watch Tower
27:28 Watch Tower
27:28 Watch Tower
27:28 Watch Tower
27:28 Watch Tower
27:29 Watch Tower
27:29 Watch Tower
27:30 Watch Tower
27:30 Watch Tower
27:31 Watch Tower
27:31 Watch Tower
27:33 Watch Tower
27:33 Watch Tower
27:33 Watch Tower
27:35 Watch Tower
27:35 Watch Tower
27:36 Watch Tower
27:36 Watch Tower
27:36 Watch Tower
27:37 Watch Tower
27:38 Watch Tower
27:38 Watch Tower
27:38 Watch Tower
27:39 Watch Tower
27:40 Watch Tower
27:41 Watch Tower
27:41 Watch Tower
27:42 Watch Tower
28:37 Watch Tower
28:37 Watch Tower
28:38 Watch Tower
28:38 Watch Tower
28:39 Watch Tower
» items
| Healing Salve | 5 | |
| Lesser Clarity Potion | 8 | |
| Orb of Lightning | 1 | |
| Boots of Speed | 1 | |
| Staff of Teleportation | 1 | |
| Potion of Mana | 5 | |
| Potion of Healing | 2 | |
| Scroll of Town Portal | 3 | |
| Potion of Lesser Invulnerability | 1 | |
27 total
unseen_ (
purple | 65 APM | 1368 actions | 21:00)
4 Death Knight
2 Death Coil
2 Unholy Aura
2 Dreadlord
1 Sleep
1 Vampiric Aura
» actions
| Assign group hotkey | 23 | |
| Build / train | 84 | |
| ESC pressed | 2 | |
| Enter build submenu | 25 | |
| Enter hero's abilities submenu | 6 | |
| Give item / drop item | 1 | |
| Right click | 354 | |
| Select / deselect | 163 | |
| Select group hotkey | 633 | |
| Use ability | 77 | |
1368 total
» units
| Acolyte | 16 | |
| Ghoul | 6 | |
| Crypt Fiend | 8 | |
| Frost Wyrm | 5 | |
35 total
» upgrades
| Creature Attack | 3 | |
| Web | 1 | |
| Creature Carapace | 2 | |
| Freezing Breath | 1 | |
7 total
» buildings
| Crypt | 1 | |
| Graveyard | 1 | |
| Ziggurat | 12 | |
| Altar of Darkness | 1 | |
| Tomb of Relics | 1 | |
| Halls of the Dead | 3 | |
| Spirit Tower | 2 | |
| Black Citadel | 3 | |
| Sacrificial Pit | 1 | |
| Boneyard | 3 | |
28 total
» build order
00:15 Crypt
00:24 Graveyard
00:42 Ziggurat
01:02 Altar of Darkness
01:32 Ziggurat
02:09 Tomb of Relics
03:46 Ziggurat
05:37 Halls of the Dead
05:38 Halls of the Dead
05:38 Halls of the Dead
06:26 Ziggurat
06:28 Ziggurat
06:31 Ziggurat
06:33 Ziggurat
07:39 Spirit Tower
07:39 Spirit Tower
08:11 Black Citadel
08:12 Black Citadel
08:12 Black Citadel
08:37 Sacrificial Pit
09:26 Ziggurat
10:43 Boneyard
10:47 Boneyard
10:51 Boneyard
13:12 Ziggurat
13:13 Ziggurat
13:15 Ziggurat
13:25 Ziggurat
» items
| Rod of Necromancy | 5 | |
| Potion of Lesser Invulnerability | 2 | |
| Scroll of Healing | 2 | |
| Scroll of Town Portal | 1 | |
10 total
team 2 (winner)

»
sunshine27 (
blue | 23 APM | 964 actions | 41:13)
1 Priestess of the Moon
1 Scout
6 Goblin Tinker
2 Pocket Factory
3 Cluster Rockets
1 Robo-Goblin
» actions
| Basic commands | 71 | |
| Build / train | 96 | |
| Enter build submenu | 19 | |
| Enter hero's abilities submenu | 7 | |
| Give item / drop item | 2 | |
| Right click | 219 | |
| Select / deselect | 416 | |
| Use ability | 134 | |
964 total
» units
| Wisp | 23 | |
| Archer | 22 | |
| Goblin Zeppelin | 2 | |
| Druid of the Talon | 16 | |
| Dryad | 7 | |
70 total
» upgrades
| Ultravision | 1 | |
| Strength of the Moon | 2 | |
| Nature's Blessing | 1 | |
| Hippogryph Taming | 1 | |
| Improved Bows | 1 | |
| Druid of the Talon Training | 2 | |
| Moon Armor | 1 | |
| Abolish Magic | 1 | |
10 total
» buildings
| Moon Well | 6 | |
| Altar of Elders | 1 | |
| Ancient of War | 1 | |
| Hunter's Hall | 1 | |
| Ancient of Wonders | 1 | |
| Ancient Protector | 5 | |
| Tree of Ages | 1 | |
| Ancient of Wind | 2 | |
| Ancient of Lore | 1 | |
| Tree of Eternity | 1 | |
| Tree of Life | 1 | |
21 total
» build order
00:30 Moon Well
00:38 Altar of Elders
01:06 Ancient of War
01:51 Moon Well
02:34 Hunter's Hall
03:41 Moon Well
03:49 Ancient of Wonders
04:24 Moon Well
04:31 Ancient Protector
05:08 Ancient Protector
05:11 Ancient Protector
05:57 Moon Well
06:06 Ancient Protector
06:52 Tree of Ages
07:05 Ancient Protector
09:32 Ancient of Wind
09:50 Ancient of Wind
14:24 Moon Well
17:21 Ancient of Lore
19:36 Tree of Eternity
22:48 Tree of Life
» items
| Lesser Clarity Potion | 1 | |
| Scroll of Town Portal | 2 | |
| Dust of Appearance | 1 | |
4 total
Kum_2_Soon (
red | 56 APM | 1929 actions | 34:27)
3 Goblin Tinker
2 Pocket Factory
1 Engineering Upgrade
4 Pandaren Brewmaster
2 Drunken Haze
2 Drunken Brawler
4 Mountain King
2 Storm Bolt
2 Bash
» actions
| Assign group hotkey | 17 | |
| Build / train | 157 | |
| ESC pressed | 2 | |
| Enter build submenu | 53 | |
| Enter hero's abilities submenu | 11 | |
| Give item / drop item | 1 | |
| Remove unit from queue | 3 | |
| Right click | 621 | |
| Select / deselect | 494 | |
| Select group hotkey | 462 | |
| Use ability | 108 | |
1929 total
» units
| Peasant | 49 | |
| Footman | 3 | |
| Priest | 5 | |
| Sorceress | 2 | |
| Spell Breaker | 4 | |
| Rifleman | 1 | |
| Flying Machine | 17 | |
| Mortar Team | 4 | |
85 total
» upgrades
| Lumber Harvesting | 2 | |
| Masonry | 2 | |
| Priest Training | 3 | |
| Sorceress Training | 2 | |
| Flare | 1 | |
| Flak Cannons | 1 | |
| Gunpowder | 3 | |
| Magic Sentry | 1 | |
| Fragmentation Shards | 1 | |
| Swords | 1 | |
| Plating | 3 | |
| Armor | 2 | |
| Flying Machine Bombs | 1 | |
23 total
» buildings
| Farm | 13 | |
| Altar of Kings | 1 | |
| Lumber Mill | 2 | |
| Barracks | 1 | |
| Scout Tower | 27 | |
| Town Hall | 2 | |
| Guard Tower | 11 | |
| Arcane Vault | 2 | |
| Arcane Tower | 6 | |
| Keep | 1 | |
| Blacksmith | 1 | |
| Arcane Sanctum | 2 | |
| Castle | 1 | |
| Workshop | 2 | |
72 total
» build order
00:31 Farm
00:43 Altar of Kings
00:56 Lumber Mill
01:14 Farm
01:56 Barracks
02:41 Farm
02:47 Farm
02:58 Farm
03:12 Farm
03:54 Farm
04:12 Scout Tower
04:14 Scout Tower
04:47 Town Hall
04:58 Guard Tower
05:00 Scout Tower
05:04 Arcane Vault
05:06 Scout Tower
05:11 Arcane Tower
05:20 Arcane Vault
05:31 Guard Tower
05:33 Farm
05:36 Farm
05:37 Guard Tower
06:07 Keep
06:13 Scout Tower
06:14 Scout Tower
06:16 Scout Tower
06:49 Guard Tower
07:43 Blacksmith
08:50 Scout Tower
08:52 Arcane Sanctum
08:54 Arcane Sanctum
09:54 Arcane Tower
10:54 Castle
11:17 Workshop
11:40 Workshop
12:19 Farm
12:25 Farm
14:26 Arcane Tower
14:47 Guard Tower
17:36 Lumber Mill
27:46 Scout Tower
27:47 Scout Tower
27:48 Scout Tower
27:56 Scout Tower
28:19 Arcane Tower
28:27 Arcane Tower
28:28 Arcane Tower
29:41 Scout Tower
29:42 Scout Tower
29:42 Scout Tower
29:43 Scout Tower
29:43 Scout Tower
29:55 Scout Tower
30:07 Town Hall
30:16 Farm
30:17 Farm
30:22 Guard Tower
30:25 Guard Tower
30:35 Scout Tower
31:08 Guard Tower
31:09 Scout Tower
31:12 Scout Tower
31:19 Scout Tower
31:57 Guard Tower
32:02 Guard Tower
33:16 Scout Tower
33:48 Guard Tower
33:50 Scout Tower
» items
| Boots of Speed | 2 | |
| Dust of Appearance | 1 | |
| Periapt of Vitality | 1 | |
| Circlet of Nobility | 1 | |
| Mechanical Critter | 1 | |
| Scroll of Regeneration | 1 | |
| Lesser Clarity Potion | 1 | |
| Potion of Healing | 1 | |
| Ivory Tower | 3 | |
| Scroll of Town Portal | 1 | |
13 total
awruj3rh82q4h82 (
orange | 88 APM | 3702 actions | 41:57)
8 Archmage
3 Summon Water Elemental
3 Brilliance Aura
1 Mass Teleport
1 Blizzard
» actions
| Assign group hotkey | 156 | |
| Basic commands | 189 | |
| Build / train | 149 | |
| ESC pressed | 9 | |
| Enter build submenu | 42 | |
| Enter hero's abilities submenu | 8 | |
| Give item / drop item | 13 | |
| Right click | 1471 | |
| Select / deselect | 471 | |
| Select group hotkey | 948 | |
| Use ability | 246 | |
3702 total
» units
| Peasant | 24 | |
| Footman | 9 | |
| Dragonhawk Rider | 3 | |
| Gryphon Rider | 9 | |
| Goblin Shredder | 5 | |
| Knight | 1 | |
51 total
» upgrades
| Masonry | 3 | |
| Swords | 3 | |
| Armor | 3 | |
| Lumber Harvesting | 2 | |
| Animal War Training | 1 | |
| Storm Hammers | 1 | |
| Cloud | 1 | |
| Plating | 3 | |
| Gunpowder | 3 | |
| Long Rifles | 1 | |
| Defend | 1 | |
| Backpack | 1 | |
23 total
» buildings
| Altar of Kings | 1 | |
| Barracks | 2 | |
| Farm | 8 | |
| Lumber Mill | 1 | |
| Arcane Vault | 2 | |
| Town Hall | 3 | |
| Scout Tower | 17 | |
| Keep | 4 | |
| Blacksmith | 1 | |
| Guard Tower | 17 | |
| Castle | 3 | |
| Gryphon Aviary | 3 | |
62 total
» build order
00:36 Altar of Kings
00:38 Barracks
00:40 Barracks
00:50 Farm
01:05 Farm
01:38 Farm
02:32 Lumber Mill
02:35 Arcane Vault
03:46 Farm
04:43 Town Hall
06:10 Scout Tower
06:11 Scout Tower
06:11 Scout Tower
06:12 Scout Tower
06:13 Scout Tower
06:24 Keep
06:24 Keep
06:24 Keep
06:26 Blacksmith
07:42 Guard Tower
08:16 Scout Tower
08:17 Scout Tower
08:19 Scout Tower
08:44 Arcane Vault
10:25 Guard Tower
10:29 Guard Tower
10:29 Guard Tower
10:31 Guard Tower
10:31 Castle
10:32 Castle
10:35 Gryphon Aviary
10:36 Gryphon Aviary
10:37 Gryphon Aviary
13:15 Farm
13:16 Farm
13:17 Farm
13:18 Farm
24:39 Town Hall
24:42 Scout Tower
24:43 Scout Tower
24:45 Scout Tower
24:47 Scout Tower
25:40 Guard Tower
25:40 Guard Tower
25:40 Guard Tower
26:25 Town Hall
29:12 Scout Tower
29:13 Scout Tower
29:13 Scout Tower
29:14 Scout Tower
29:16 Scout Tower
29:50 Guard Tower
29:50 Guard Tower
29:50 Guard Tower
» items
| Mechanical Critter | 8 | |
| Scroll of Regeneration | 4 | |
| Lesser Clarity Potion | 1 | |
| Staff of Teleportation | 2 | |
| Potion of Lesser Invulnerability | 1 | |
| Ivory Tower | 5 | |
| Periapt of Vitality | 1 | |
| Scroll of Healing | 1 | |
| Scroll of Town Portal | 1 | |
| Scroll of Protection | 2 | |
| Staff of Sanctuary | 1 | |
27 total
Pizarro (
green | 45 APM | 1879 actions | 41:56)
8 Archmage
3 Summon Water Elemental
3 Brilliance Aura
1 Mass Teleport
1 Blizzard
» actions
| Assign group hotkey | 49 | |
| Basic commands | 157 | |
| Build / train | 92 | |
| Enter build submenu | 55 | |
| Enter hero's abilities submenu | 8 | |
| Give item / drop item | 3 | |
| Right click | 618 | |
| Select / deselect | 443 | |
| Select group hotkey | 292 | |
| Use ability | 162 | |
1879 total
» units
| Peasant | 13 | |
| Footman | 4 | |
| Goblin Shredder | 2 | |
| Gryphon Rider | 8 | |
| Goblin Sapper | 9 | |
36 total
» upgrades
| Masonry | 3 | |
| Swords | 3 | |
| Armor | 4 | |
| Animal War Training | 1 | |
| Storm Hammers | 1 | |
| Cloud | 1 | |
13 total
» buildings
| Altar of Kings | 1 | |
| Barracks | 1 | |
| Farm | 10 | |
| Keep | 1 | |
| Lumber Mill | 1 | |
| Arcane Vault | 3 | |
| Town Hall | 4 | |
| Scout Tower | 41 | |
| Castle | 1 | |
| Guard Tower | 15 | |
| Gryphon Aviary | 4 | |
| Blacksmith | 2 | |
84 total
» build order
00:49 Altar of Kings
00:51 Barracks
00:54 Farm
01:00 Farm
01:05 Farm
01:36 Farm
03:26 Keep
03:29 Lumber Mill
03:42 Arcane Vault
04:45 Town Hall
04:48 Scout Tower
04:49 Scout Tower
04:50 Scout Tower
04:51 Scout Tower
04:58 Scout Tower
06:14 Castle
06:20 Guard Tower
07:58 Gryphon Aviary
07:58 Gryphon Aviary
08:04 Blacksmith
08:53 Gryphon Aviary
08:56 Gryphon Aviary
09:02 Blacksmith
09:29 Farm
09:35 Scout Tower
09:38 Scout Tower
09:40 Scout Tower
09:42 Scout Tower
10:57 Guard Tower
11:09 Guard Tower
18:52 Farm
18:53 Farm
18:53 Farm
18:54 Farm
18:55 Farm
24:36 Town Hall
24:39 Scout Tower
24:40 Scout Tower
24:41 Scout Tower
24:41 Scout Tower
24:46 Scout Tower
24:52 Arcane Vault
25:11 Guard Tower
25:13 Guard Tower
25:24 Town Hall
25:26 Town Hall
25:30 Scout Tower
25:30 Scout Tower
25:31 Scout Tower
25:32 Scout Tower
25:36 Arcane Vault
26:28 Guard Tower
28:58 Scout Tower
28:59 Scout Tower
29:01 Scout Tower
29:05 Scout Tower
29:06 Scout Tower
29:07 Scout Tower
29:10 Scout Tower
29:10 Scout Tower
29:12 Scout Tower
29:12 Scout Tower
29:13 Scout Tower
29:13 Scout Tower
29:14 Scout Tower
29:16 Scout Tower
30:25 Guard Tower
30:52 Guard Tower
31:08 Guard Tower
31:15 Scout Tower
31:16 Scout Tower
31:17 Scout Tower
31:18 Scout Tower
31:18 Scout Tower
31:20 Scout Tower
31:21 Scout Tower
31:26 Guard Tower
32:47 Guard Tower
33:36 Guard Tower
34:02 Guard Tower
34:17 Guard Tower
34:48 Guard Tower
» items
| Scroll of Regeneration | 4 | |
| Mechanical Critter | 9 | |
| Scroll of Town Portal | 2 | |
| Potion of Healing | 1 | |
| Potion of Lesser Invulnerability | 1 | |
17 total
Chat log
(00:10 / All) Kum_2_Soon: hey
(00:14 / All) awruj3rh82q4h82: kum 2 soon is ex-towa or something right?
(00:17 / Allies) sunshine27: yo
(00:22 / All) awruj3rh82q4h82: Sup
(00:39 / All) Kum_2_Soon: nope
(00:49 / Allies) sunshine27: air
(00:55 / All) awruj3rh82q4h82: not sure where I remember hearing that then
(01:01 / All) Kum_2_Soon: lol
(01:12 / All) Kum_2_Soon: been years with this acc already
(01:31 / All) sunshine27: :-) :-O
(01:42 / Allies) Kum_2_Soon: fast expo
(01:44 / Allies) Kum_2_Soon: guys
(01:46 / Allies) awruj3rh82q4h82: yeah
(01:48 / Allies) Kum_2_Soon: then hit theirs then :D
(01:55 / Allies) Pizarro: sage advice dawg
(01:58 / Allies) Pizarro: where'd you learn it
(02:21 / Allies) awruj3rh82q4h82: probably not from other RT players since everyone is a moron who screams RUSH
(02:22 / All) Kum_2_Soon: Battle Exp :D
(02:29 / All) Pizarro: RUSH
(05:26 / Allies) Kum_2_Soon: ?
(05:28 / Allies) Kum_2_Soon: guys ready ?
(05:35 / Allies) awruj3rh82q4h82: k
(05:37 / Allies) awruj3rh82q4h82: coming 1 sec
(07:28 / Allies) Kum_2_Soon: b
(10:56 / Allies) Kum_2_Soon: guys
(11:04 / Allies) Kum_2_Soon: bats
(14:07 / All) Pizarro: oh god
(14:08 / All) Pizarro: lawl
(14:11 / All) Pizarro: I clicked wrong trees
(14:17 / Allies) Pizarro: lumber?
(14:18 / All) dodgeballcity.: saw a shredder die
(14:26 / All) Pizarro: yeah I meant to click the trees at my expo
(15:50 / Allies) Pizarro: tp
(16:29 / Allies) Pizarro: fucking move
(16:52 / Allies) Pizarro: lumbers?
(17:44 / Allies) sunshine27: incoming
(17:51 / Allies) Kum_2_Soon: b
(17:52 / Allies) Kum_2_Soon: b
(18:00 / Allies) Pizarro: fight
(21:09 / All) Kum_2_Soon: nice
(21:13 / All) Kum_2_Soon: solo
(22:36 / All) dodgeballcity.: when is red gonna leave he always does before a sure win
(22:47 / All) Kum_2_Soon: lol
(23:12 / All) Kum_2_Soon: this time im hunting you down
(23:18 / All) Kum_2_Soon: lol
(23:25 / All) Pizarro: I was finishing off my subway sub during this game lel
(25:16 / All) Pizarro: wax on wax off
(25:59 / All) dodgeballcity.: kirate kid is arguably best action movie ever
(26:14 / All) Pizarro: Actually that isn't even arguable
(26:18 / All) Pizarro: It's self-evidently false
(26:27 / All) dodgeballcity.: how so
(26:53 / All) Pizarro: When there are action movies like Terminator, Robocop, The Good the Bad the Ugly then Karate Kid being "arguably the best"
(26:59 / All) Pizarro: is a laughable farce
(27:03 / All) dodgeballcity.: y no mention of
(27:07 / All) dodgeballcity.: indiana jones
(27:14 / All) Pizarro: For even uttering the sentence I feel that you cannot be any more moronic
(27:24 / All) Pizarro: Because those are average at best movies
(30:52 / Allies) sunshine27: damn u
(30:58 / Allies) sunshine27: why did you tp
(31:03 / Allies) awruj3rh82q4h82: was trying to bring my army to help
(31:08 / All) dodgeballcity.: blue go WAH WAH WAH
(31:10 / All) dodgeballcity.: ALL THE WAY HOME
(31:12 / Allies) sunshine27: for gods sake
(31:19 / Allies) sunshine27: i was under attacked
(31:26 / Allies) awruj3rh82q4h82: that's why i tried to help
(31:34 / Allies) sunshine27: you diont understyand
(31:40 / Allies) sunshine27: you dont understand
(31:43 / Allies) awruj3rh82q4h82: huh?
(31:58 / Allies) sunshine27: when you tp my hero pauses
(32:05 / Allies) awruj3rh82q4h82: and my army comes to save it
(32:11 / Allies) sunshine27: makes him easy target for the enemies
(32:33 / Allies) sunshine27: but i lost my hero thanks aloty
(32:56 / Allies) awruj3rh82q4h82: dude not my fault they kill ur hero
(33:05 / Allies) sunshine27: i tried to run away
(33:11 / Allies) sunshine27: but you stopped me
(33:17 / Allies) sunshine27: with your mass tp
(33:20 / Allies) awruj3rh82q4h82: stfu dude i was trying to help
(33:38 / Allies) sunshine27: you tried to help but you were too late
(33:43 / Allies) sunshine27: god sake
(33:46 / Allies) sunshine27: use your head
(33:46 / Allies) awruj3rh82q4h82: STFU
(33:51 / Allies) awruj3rh82q4h82: fucking baby
(33:56 / Allies) sunshine27: idiot
(34:06 / All) sunshine27: lol
(34:08 / Allies) Pizarro: Blue you're being a baby back bitch
(34:09 / Allies) Pizarro: let it go
(34:11 / All) awruj3rh82q4h82: Blue is a big baby
(34:22 / Allies) sunshine27: that s not my point
(34:27 / All) awruj3rh82q4h82: Green even agrees he is a baby
(34:27 / All) sunshine27: anyway
(34:31 / All) sunshine27: next time take my advice
(34:46 / All) dodgeballcity.: dat was anti climatic lawl
(34:52 / All) dodgeballcity.: blue y u a baby
(35:06 / All) dodgeballcity.: seriously i was killing his talon and he tried to use flght form at last second
(35:07 / All) dodgeballcity.: wut a try hard
(35:58 / All) sunshine27: keep using your bm to attack like a coward that you are yellow
(36:04 / All) dodgeballcity.: lol
(36:10 / All) dodgeballcity.: oh the insults
(36:13 / All) dodgeballcity.: plz stop with the insults
(36:17 / Allies) Pizarro: Blue why did you suicide red's stuff
(36:18 / Allies) Pizarro: asshole
(36:19 / All) sunshine27: and keep on towering
(36:31 / All) Pizarro: blue is asshole tk
(36:32 / All) sunshine27: i didnt do shit to red
(36:36 / All) dodgeballcity.: what do u have agains tmy strategy blue
(36:39 / All) dodgeballcity.: it is a brave one
(36:40 / Allies) Pizarro: shut up asshole
(36:42 / All) dodgeballcity.: one hero vs 4 armies
(36:42 / All) awruj3rh82q4h82: we're better off without him green
(36:47 / Allies) Pizarro: cry baby jerk-off
(36:51 / Allies) Pizarro: yeah I agree
(36:53 / Allies) Pizarro: He sucked anyway
(36:55 / Allies) Pizarro: plus he's a jerk
(37:02 / All) sunshine27: lol mad teamates
(37:04 / Allies) awruj3rh82q4h82: small weiner manchild baby
(37:08 / All) Pizarro: tk douche!
(37:16 / All) awruj3rh82q4h82: go play solo blue
(37:16 / All) sunshine27: and yet they said i was the baby
(37:31 / All) awruj3rh82q4h82: try to get above 0-1 solo
(37:42 / All) awruj3rh82q4h82: you can do it if you don't cry at the slightest thing, you won't have any allies to blame
(38:04 / All) Pizarro: blue and me are both the trash man
(38:08 / All) Pizarro: he is trash and I take it out
(38:22 / All) sunshine27: i want cryiing i was trying to point it out what you did was stupid
(38:32 / All) awruj3rh82q4h82: crybaby
(38:35 / All) sunshine27: i wasnt
(38:39 / All) dodgeballcity.: blue u insulted me i did nothing werong i just went one hero and towers
(38:44 / All) dodgeballcity.: that is an admirable strategy
(39:01 / All) Pizarro: why did you suicide red's stuff blue?
(39:09 / All) awruj3rh82q4h82: yeah wtf?
(39:11 / All) Pizarro: throwing a crybaby tantrum?
(39:15 / All) sunshine27: and so you got mad and tked me for what? because you wouldnt shut up?
(39:21 / All) sunshine27: grow some balls
(39:27 / All) Pizarro: you are the only one that tked
(39:32 / All) Pizarro: you suicided red's stuff
(39:35 / All) Pizarro: I don't want to even hear it
(39:42 / All) sunshine27: i did not touch red
(39:45 / All) Pizarro: LIAR
(39:46 / All) Pizarro: LIAR
(39:46 / All) sunshine27: nor did i use him
(39:48 / All) Pizarro: YOu'RE A LIAR
(39:48 / All) awruj3rh82q4h82: classic lol
(39:53 / All) awruj3rh82q4h82: "I didn't even touch him!"
(39:56 / All) Pizarro: YOU'RE A BAD MAN
(39:56 / All) sunshine27: whatever dude
(39:57 / All) awruj3rh82q4h82: then how did he suicide into yellow?
(40:09 / All) dodgeballcity.: sort of a dick move, blue
(40:54 / All) awruj3rh82q4h82: You lose blue, no tker is winning on my watch
(41:02 / All) sunshine27: hey if you lost your high level hero over a stupid mistake your teamate did youd be pissed too
(41:15 / All) awruj3rh82q4h82: pro
(41:16 / All) Pizarro: lawl
(41:16 / All) dodgeballcity.: wat
(41:18 / All) dodgeballcity.: is he referring to
(41:19 / All) Pizarro: who to lose?
(41:21 / All) dodgeballcity.: who lost wut hero
(41:25 / All) awruj3rh82q4h82: I tped onto blue's tinker
(41:25 / All) Pizarro: your team should lose I think
(41:27 / All) Pizarro: 3 of them
(41:28 / All) awruj3rh82q4h82: so you could kill it
(41:33 / All) awruj3rh82q4h82: and then he bitched for a while
(41:35 / All) awruj3rh82q4h82: and I was lying like
(41:37 / All) dodgeballcity.: i leve?
(41:39 / All) awruj3rh82q4h82: I just wanted to help you dude wtf
(41:42 / All) awruj3rh82q4h82: I was trying to tp my army
(41:52 / All) dodgeballcity.: i am tired i am go to bed now